BSA
BEECH MOUNTAIN MOUNTAINEERS @ NASHVILLE G-STRINGS
07/24/2027
 
TOP OF THE 1ST
Hendersonville Hitmen batting - Pitching for Madison Bombers : RHP Cipriano Montáñez
Pitching: RHP Cipriano Montáñez
Batting: RHB Lonson Seals 0-0: Swinging Strike
0-1: Ball
1-1: Ball
2-1: Ball
3-1: Base on Balls
Batting: RHB Bill Mark 0-0: Called Strike
0-1: Ball
1-1: Ball
2-1: Fly out, F8 (Flyball, 8RM)
Batting: SHB Tony López 0-0: Grounds into double play, 4-6-3 (Groundball, 34)
Top of the 1st over - 0 run(s), 0 hit(s), 0 error(s), 0 left on base; Hendersonville 0 - Madison 0
BOTTOM OF THE 1ST
Madison Bombers batting - Pitching for Hendersonville Hitmen : RHP Rich Townsley
Pitching: RHP Rich Townsley
Batting: RHB Vicente Aguirre 0-0: Ball
1-0: Called Strike
1-1: Ground out 6-3 (Groundball, 6M)
Batting: LHB George Smith 0-0: Ball
1-0: Ball
2-0: Fly out, F8 (Flyball, 8RXD)
Batting: RHB Sergio Márquez 0-0: Ball
1-0: Called Strike
1-1: Ball
2-1: Ground out 4-3 (Groundball, 4MS)
Bottom of the 1st over - 0 run(s), 0 hit(s), 0 error(s), 0 left on base; Hendersonville 0 - Madison 0
TOP OF THE 2ND
Hendersonville Hitmen batting - Pitching for Madison Bombers : RHP Cipriano Montáñez
Batting: LHB Tony Abete 0-0: Foul Ball, location: 2F
0-1: Ball
1-1: Called Strike
1-2: Strikes out swinging
Batting: SHB David Johnstone 0-0: Ball
1-0: Called Strike
1-1: SINGLE (Groundball, 6MD)
Batting: RHB Felipe Rivera 0-0: Ball
1-0: Fly out, F9 (Flyball, 9LMF)
Batting: LHB Jerry Johnston 0-0: Called Strike
0-1: Swinging Strike
0-2: Ball
1-2: Ball
David Johnstone steals 2nd base
2-2: Ball
3-2: Ground out 1-3 (Groundball, 13S)
Top of the 2nd over - 0 run(s), 1 hit(s), 0 error(s), 1 left on base; Hendersonville 0 - Madison 0
BOTTOM OF THE 2ND
Madison Bombers batting - Pitching for Hendersonville Hitmen : RHP Rich Townsley
Batting: LHB Mike Callahan 0-0: SINGLE (Line Drive, 6MD)
Batting: SHB Ricardo Arévalo 0-0: Ball
1-0: Called Strike
1-1: Ball
2-1: Foul Ball, location: 2F
2-2: Ball
3-2: Base on Balls
Mike Callahan to second
Batting: RHB Juan Costello 0-0: Foul Ball, location: 2F
0-1: Ball
1-1: Fly out, F7 (Flyball, 78S)
Batting: SHB Martín Medina 0-0: Ball
1-0: Swinging Strike
1-1: Ball
2-1: Swinging Strike
2-2: Ball
3-2: Base on Balls
Mike Callahan to third
Ricardo Arévalo to second
Batting: RHB Javier Deleón 0-0: Ball
1-0: Ball
2-0: Foul Ball, location: 2F
2-1: Swinging Strike
2-2: Ball
3-2: Base on Balls
Mike Callahan scores
Ricardo Arévalo to third
Martín Medina to second
Batting: SHB Jorge Flores 0-0: Ball
1-0: Foul Ball, location: 2F
1-1: Fly out, F7 (Flyball, 7)
Runner from 3rd tags up, SCORES, throw made
Batting: RHB Vicente Aguirre 0-0: Called Strike
Martín Medina steals 3rd base
Javier Deleón to second
0-1: Ball
1-1: Ball
2-1: Called Strike
2-2: Ball
3-2: Fly out, F9 (Line Drive, 9LM)
Bottom of the 2nd over - 2 run(s), 1 hit(s), 0 error(s), 2 left on base; Hendersonville 0 - Madison 2
TOP OF THE 3RD
Hendersonville Hitmen batting - Pitching for Madison Bombers : RHP Cipriano Montáñez
Batting: RHB Eduardo García 0-0: Fly out, F9 (Flyball, 89XD)
Batting: RHB Ron Glass 0-0: Ground out 6-3 (Groundball, 56)
Batting: RHB Lonson Seals 0-0: Ball
1-0: Ball
2-0: Foul Ball, location: 2F
2-1: Swinging Strike
2-2: Fly out, F9 (Flyball, 9S)
Top of the 3rd over - 0 run(s), 0 hit(s), 0 error(s), 0 left on base; Hendersonville 0 - Madison 2
BOTTOM OF THE 3RD
Madison Bombers batting - Pitching for Hendersonville Hitmen : RHP Rich Townsley
Batting: LHB George Smith 0-0: Ball
1-0: Called Strike
1-1: Ball
2-1: Ball
3-1: Base on Balls
Batting: RHB Sergio Márquez 0-0: Ball
1-0: DOUBLE (Flyball, 78XD)
George Smith to third
Runner from 3rd tries for Home, SAFE, throw made at trailing runner, OUT at third!
Batting: LHB Mike Callahan 0-0: Called Strike
0-1: Ball
1-1: Foul Ball, location: 2F
1-2: Foul Ball, location: 2F
1-2: Ball
2-2: Ball
3-2: Foul Ball, location: 2F
3-2: SINGLE (Popup, 34D)
Batting: SHB Ricardo Arévalo 0-0: Foul Ball, location: 2F
0-1: Foul Ball, location: 2F
0-2: Ball
1-2: Ball
2-2: Ball
3-2: Ground out 5-3 (Groundball, 56)
Mike Callahan to second
Batting: RHB Juan Costello 0-0: Ball
1-0: Foul Ball, location: 2F
1-1: Ball
2-1: Fly out, F8 (Flyball, 8RS)
Bottom of the 3rd over - 1 run(s), 2 hit(s), 0 error(s), 1 left on base; Hendersonville 0 - Madison 3
TOP OF THE 4TH
Hendersonville Hitmen batting - Pitching for Madison Bombers : RHP Cipriano Montáñez
Batting: RHB Bill Mark 0-0: Ball
1-0: Ball
2-0: Called Strike
2-1: SINGLE (Groundball, 56D)
Batting: SHB Tony López 0-0: Ball
1-0: Foul Ball, location: 2F
1-1: SINGLE (Groundball, 56D)
Bill Mark to second
Batting: LHB Tony Abete 0-0: Ball
1-0: Ball
2-0: Ground out 5-3 (Groundball, 56S)
Bill Mark to third
Tony López to second
Batting: SHB David Johnstone 0-0: Ground out 5-3 (Groundball, 56)
Bill Mark scores
Batting: RHB Felipe Rivera 0-0: Called Strike
0-1: Ball
1-1: Swinging Strike
1-2: Strikes out swinging
Top of the 4th over - 1 run(s), 2 hit(s), 0 error(s), 1 left on base; Hendersonville 1 - Madison 3
BOTTOM OF THE 4TH
Madison Bombers batting - Pitching for Hendersonville Hitmen : RHP Rich Townsley
Batting: SHB Martín Medina 0-0: Called Strike
0-1: Ground out 1-3 (Groundball, P)
Batting: RHB Javier Deleón 0-0: Ball
1-0: Ball
2-0: Ball
3-0: Called Strike
3-1: Base on Balls
Batting: SHB Jorge Flores 0-0: Swinging Strike
0-1: Ball
1-1: Ball
2-1: SINGLE (Line Drive, 6D)
Javier Deleón to second
Batting: RHB Vicente Aguirre 0-0: Ball
1-0: Ball
2-0: Foul Ball, location: 2F
2-1: Fly out, F9 (Flyball, 89M)
Batting: LHB George Smith 0-0: Foul Ball, location: 2F
0-1: Foul Ball, location: 2F
0-2: Ball
1-2: Ball
2-2: Strikes out swinging
Bottom of the 4th over - 0 run(s), 1 hit(s), 0 error(s), 2 left on base; Hendersonville 1 - Madison 3
TOP OF THE 5TH
Hendersonville Hitmen batting - Pitching for Madison Bombers : RHP Cipriano Montáñez
Batting: LHB Jerry Johnston 0-0: Ground out U3 (Groundball, 34S)
Batting: RHB Eduardo García 0-0: SINGLE (Line Drive, 4MD)
Batting: RHB Ron Glass 0-0: Called Strike
Eduardo García steals 2nd base
0-1: Ball
1-1: Ground out 5-3 (Groundball, 56)
Batting: RHB Lonson Seals 0-0: Called Strike
0-1: Called Strike
0-2: Fly out, F8 (Flyball, 8RD)
Top of the 5th over - 0 run(s), 1 hit(s), 0 error(s), 1 left on base; Hendersonville 1 - Madison 3
BOTTOM OF THE 5TH
Madison Bombers batting - Pitching for Hendersonville Hitmen : RHP Rich Townsley
Batting: RHB Sergio Márquez 0-0: Swinging Strike
0-1: Ball
1-1: SINGLE (Line Drive, 4M)
Batting: LHB Mike Callahan 0-0: Ball
1-0: Ball
2-0: Swinging Strike
2-1: Fly out, F9 (Flyball, 89S)
Batting: SHB Ricardo Arévalo 0-0: Ball
1-0: Called Strike
1-1: Foul Ball, location: 2F
1-2: Strikes out swinging
Batting: RHB Juan Costello 0-0: Ball
1-0: Called Strike
1-1: Foul Ball, location: 2F
1-2: Ground out 5-3 (Groundball, 56S)
Bottom of the 5th over - 0 run(s), 1 hit(s), 0 error(s), 1 left on base; Hendersonville 1 - Madison 3
TOP OF THE 6TH
Hendersonville Hitmen batting - Pitching for Madison Bombers : RHP Cipriano Montáñez
Batting: RHB Bill Mark 0-0: SINGLE (Line Drive, 78S)
Batting: SHB Tony López 0-0: Ball
1-0: Fly out, F4 (Line Drive, 4M)
Batting: LHB Tony Abete 0-0: SINGLE (Groundball, 3D)
Bill Mark to second
Runner from 2nd tries for 3rd, SAFE, throw made to third
Batting: SHB David Johnstone 0-0: Ball
Tony Abete is caught stealing 2nd base
1-0: Foul Ball, location: 2F
1-1: Called Strike
1-2: Fly out, F8 (Flyball, 8RS)
Top of the 6th over - 0 run(s), 2 hit(s), 0 error(s), 1 left on base; Hendersonville 1 - Madison 3
BOTTOM OF THE 6TH
Madison Bombers batting - Pitching for Hendersonville Hitmen : RHP Rich Townsley
Pitching: RHP Juan Nieto
Batting: SHB Martín Medina 0-0: Ball
1-0: Ball
2-0: Called Strike
2-1: Swinging Strike
2-2: Foul Ball, location: 2F
2-2: Ball
3-2: Base on Balls
Batting: RHB Javier Deleón 0-0: Called Strike
0-1: Swinging Strike
0-2: Ball
1-2: Ball
2-2: Foul Ball, location: 2F
2-2: Strikes out swinging
Batting: SHB Jorge Flores 0-0: Ball
Martín Medina is caught stealing 2nd base
1-0: Ball
2-0: Ball
3-0: Base on Balls
Batting: RHB Vicente Aguirre 0-0: Called Strike
0-1: Called Strike
0-2: Ball
1-2: Ball
2-2: Strikes out swinging
Bottom of the 6th over - 0 run(s), 0 hit(s), 0 error(s), 1 left on base; Hendersonville 1 - Madison 3
TOP OF THE 7TH
Hendersonville Hitmen batting - Pitching for Madison Bombers : RHP Cipriano Montáñez
Batting: RHB Felipe Rivera 0-0: Called Strike
0-1: Ball
1-1: SINGLE (Groundball, 25) (infield hit)
Batting: LHB Jerry Johnston 0-0: Ball
1-0: Foul Ball, location: 2F
1-1: Grounds into double play, 4-6-3 (Groundball, 4M)
Batting: RHB Eduardo García 0-0: Ball
1-0: Ball
2-0: Called Strike
2-1: Swinging Strike
2-2: Foul Ball, location: 2F
2-2: Ball
3-2: SINGLE (Line Drive, 4MD)
Batting: RHB Ron Glass 0-0: Ball
1-0: Fielders Choice at 2nd, 5-4 (Groundball, 56)
Top of the 7th over - 0 run(s), 2 hit(s), 0 error(s), 0 left on base; Hendersonville 1 - Madison 3
BOTTOM OF THE 7TH
Madison Bombers batting - Pitching for Hendersonville Hitmen : RHP Juan Nieto
Batting: LHB George Smith 0-0: Ball
1-0: Ball
2-0: SINGLE (Groundball, 4MD)
Batting: RHB Sergio Márquez 0-0: Ball
1-0: Ball
2-0: Called Strike
2-1: Foul Ball, location: 2F
2-2: DOUBLE (Line Drive, 8LD)
George Smith to third
Batting: LHB Mike Callahan 0-0: Intentional Walk
Batting: SHB Ricardo Arévalo 0-0: Called Strike
0-1: Swinging Strike
0-2: Ball
1-2: Ball
2-2: Strikes out swinging
Batting: RHB Juan Costello 0-0: Ball
1-0: Ball
2-0: Foul Ball, location: 2F
2-1: Foul Ball, location: 2F
2-2: Ball
3-2: Base on Balls
George Smith scores
Sergio Márquez to third
Mike Callahan to second
Pitching: RHP Jorge Pérez
Pinch Hitting: RHB Will Brown 0-0: Grounds into fielders choice 5-2 (Groundball, 5)
Mike Callahan to third
Juan Costello to second
Batting: RHB Javier Deleón 0-0: Ball
1-0: Ball
2-0: Called Strike
2-1: Ball
3-1: Base on Balls
Mike Callahan scores
Juan Costello to third
Will Brown to second
Batting: SHB Jorge Flores 0-0: Ball
1-0: Ball
2-0: Called Strike
2-1: Ball
3-1: Fly out, F9 (Flyball, 9)
Bottom of the 7th over - 2 run(s), 2 hit(s), 0 error(s), 3 left on base; Hendersonville 1 - Madison 5
TOP OF THE 8TH
Hendersonville Hitmen batting - Pitching for Madison Bombers : RHP Cipriano Montáñez
Now in LF: Bruce Brooks
Batting: RHB Lonson Seals 0-0: Foul Ball, location: 2F
0-1: Foul Ball, location: 2F
0-2: Ball
1-2: Ball
2-2: Ball
3-2: SINGLE (Groundball, 4MD)
Batting: RHB Bill Mark 0-0: Called Strike
0-1: Ball
1-1: Foul Ball, location: 2F
1-2: Fly out, F9 (Flyball, 89S)
Batting: SHB Tony López 0-0: DOUBLE (Flyball, 8LXD)
Lonson Seals to third
Batting: LHB Tony Abete 0-0: Ball
1-0: Ball
2-0: Called Strike
2-1: Foul Ball, location: 2F
2-2: Ball
3-2: SINGLE (Groundball, 6D)
Lonson Seals scores
Tony López to third
Batting: SHB David Johnstone 0-0: Fly out, F9 (Flyball, 9S)
Batting: RHB Felipe Rivera 0-0: Foul Ball, location: 2F
0-1: Fielders Choice at 2nd, 5-4 (Groundball, 56)
Top of the 8th over - 1 run(s), 3 hit(s), 0 error(s), 1 left on base; Hendersonville 2 - Madison 5
BOTTOM OF THE 8TH
Madison Bombers batting - Pitching for Hendersonville Hitmen : RHP Jorge Pérez
Batting: RHB Vicente Aguirre 0-0: Called Strike
0-1: Called Strike
0-2: Ball
1-2: Foul Ball, location: 2F
1-2: Strikes out swinging
Batting: LHB George Smith 0-0: Called Strike
0-1: Fly out, F6 (Flyball, 6D)
Batting: RHB Sergio Márquez 0-0: SOLO HOME RUN (Flyball, 78XD), Distance : 404 ft
Batting: LHB Mike Callahan 0-0: Swinging Strike
0-1: Swinging Strike
0-2: Strikes out looking
Bottom of the 8th over - 1 run(s), 1 hit(s), 0 error(s), 0 left on base; Hendersonville 2 - Madison 6
TOP OF THE 9TH
Hendersonville Hitmen batting - Pitching for Madison Bombers : RHP Cipriano Montáñez
Batting: LHB Jerry Johnston 0-0: Foul Ball, location: 2F
0-1: Ball
1-1: Called Strike
1-2: Ball
2-2: Fly out, F8 (Line Drive, 89M)
Batting: RHB Eduardo García 0-0: Foul Ball, location: 2F
0-1: Swinging Strike
0-2: Ball
1-2: Foul Ball, location: 2F
1-2: Foul Ball, location: 2F
1-2: Ball
2-2: SINGLE (Line Drive, 7LS)
Batting: RHB Ron Glass 0-0: Ball
1-0: Called Strike
1-1: Swinging Strike
1-2: Foul Ball, location: 2F
1-2: Ball
2-2: Grounds into double play, 4-6-3 (Groundball, 4)
Top of the 9th over - 0 run(s), 1 hit(s), 0 error(s), 0 left on base; Hendersonville 2 - Madison 6
Thursday, March 30th, 2017 - OOTP Baseball 17.12 Build 75